 Dungeon Crawl Stone Soup version 0.31.0-11-ge490571c62 (webtiles) character file.

Game seed: 15539805259329955450

748 qw the Skirmisher (level 7, 0/40 HPs)
             Began as a Deep Elf Hunter on Feb 4, 2024.
             Incinerated by a bombardier beetle (1 damage)
             ... with a burning spray
             ... on level 5 of the Dungeon.
             The game lasted 00:00:17 (3627 turns).

qw the Skirmisher (Deep Elf Hunter)                 Turns: 3627, Time: 00:00:17

Health: 0/40       AC:  6    Str: 10    XL:     7   Next: 48%
Magic:  9/9        EV: 27    Int: 14    God:
Gold:   83         SH:  0    Dex: 18    Spells: 6/6 levels left

rFire   + . .        a - +0 shortbow
rCold   + . .        (shield currently unavailable)
rNeg    + . .        n - +0 ring mail
rPois   .            (no helmet)
rElec   .            f - scarf {rC+ rF+}
rCorr   .            o - +0 pair of gloves
SInv    .            (no boots)
Will    .....        b - amulet of the acrobat
Stlth   +            i - ring of positive energy
HPRegen 0.26/turn    (no ring)
MPRegen 0.11/turn

%: acrobat
@: on fire, acrobatic, glowing
A: no striking features
a: no special abilities


You were on level 5 of the Dungeon.
You visited 1 branch of the dungeon, and saw 5 of its levels.

You collected 274 gold pieces.
You spent 191 gold pieces at shops.


   Skills:
 - Level 2.0 Fighting
 + Level 10.9 Ranged Weapons
 - Level 1.0 Armour
 - Level 4.7 Dodging
 - Level 1.2 Stealth


You had 6 spell levels left.
You didn't know any spells.
Your spell library was empty.

Inventory:

Hand Weapons
 a - a +0 shortbow (weapon)
Armour
 f - a scarf of resistance (worn)
 n - a +0 ring mail (worn)
 o - a +0 pair of gloves (worn)
Jewellery
 b - an amulet of the acrobat (around neck)
 g - a ring of fire
 i - a ring of positive energy (left hand)
Potions
 d - 2 potions of curing
 e - a potion of invisibility {unknown}
 h - a potion of haste
 j - a potion of enlightenment {unknown}
 k - a potion of brilliance {unknown}
 m - a potion of mutation {unknown}
 p - a potion of heal wounds

Dungeon Overview and Level Annotations

Branches:
Dungeon (5/15)
 Temple: D:4-7

Altars:

Shops:
D:2 *   D:3 :   D:4 ![*


Message History

You are even more covered in liquid fire!
You shoot an arrow. The arrow hits the bombardier beetle.
The bombardier beetle is almost dead.
The liquid fire burns you!
The bombardier beetle sprays incendiary fluid at you.
The burning spray misses you.
You shoot an arrow. The arrow hits the bombardier beetle!
You kill the bombardier beetle!
The liquid fire burns you!
You are on fire!
The liquid fire burns you!
You are on fire!
The liquid fire burns you!
You are on fire!
The liquid fire burns you!
You are on fire!
The liquid fire burns you!
You are on fire!
The liquid fire burns you!
You are on fire!
The liquid fire burns you!
You are on fire!
The liquid fire burns you!
You are on fire!
The liquid fire burns you!
You are on fire!
The liquid fire burns you!
You are on fire!
The liquid fire burns you!
You are on fire!
The liquid fire burns you!
You are on fire!
The liquid fire burns you!
You are on fire!
The liquid fire burns you!
You are on fire!
The liquid fire burns you!
You are on fire!
The liquid fire burns you!
You die...

..#....#.## ..........##
...........# ...........
.......... ##......
.#......## ......%@.##
..........########## .#..
..###.........##..#..#
...#.. #......#.##......#
##..#.###.....<...#....#.##
......##.....##.......#.#
#..........#.###......### .
#..........###...>...# .#
#...........#.......#


There were no monsters in sight!

Vanquished Creatures
  2 ogres (D:4)
  A phantom (D:4)
  Blork the orc (D:4)
  A howler monkey (D:3)
  A bombardier beetle (D:5)
  A hound (D:4)
  2 jellies
  An orc priest (D:4)
  9 adders
  7 gnolls
  5 dart slugs
  A ribbon worm (D:4)
  5 orcs (D:4)
  9 ball pythons
  5 bats
  8 endoplasms
  5 giant cockroaches
  7 goblins
  10 hobgoblins
  A jackal (D:2)
  3 quokkas
  4 frilled lizards
  5 kobolds
  9 rats
103 creatures vanquished.

Notes
Turn   | Place    | Note
-------+----------+-------------------------------------------
     0 | D:1      | qw the Deep Elf Hunter began the quest for the Orb.
     0 | D:1      | Reached XP level 1. HP: 12/12 MP: 3/3
     0 | D:1      | 0 ||| qw: Version: 0.3-a-160-g6735b56
     0 | D:1      | 0 ||| qw: Game counter: 5069
     0 | D:1      | 0 ||| qw: Melee chars always use a shield: true
     0 | D:1      | 0 ||| qw: God list: Okawaru
     0 | D:1      | 0 ||| qw: Allow faded altars: false
     0 | D:1      | 0 ||| qw: Do Orc after clearing Dungeon:15 true
     0 | D:1      | 0 ||| qw: Do second Lair branch before Depths: true
     0 | D:1      | 0 ||| qw: Lair rune preference: random
     0 | D:1      | 0 ||| qw: Goals: Normal
     0 | D:1      | 0 ||| PLANNING D:1-11
   163 | D:1      | Reached XP level 2. HP: 16/16 MP: 4/4
   166 | D:1      | Reached skill level 6 in Ranged Weapons
   429 | D:1      | 429 ||| UPGRADING to scarf of resistance.
   434 | D:1      | 434 ||| DROPPING ring of magical power.
   435 | D:1      | 435 ||| READING scroll labelled GUQIYPA PUZAEJ.
   439 | D:1      | 439 ||| READING scroll labelled QEBISK TOSSEP.
   439 | D:1      | 439 ||| IDENTIFYING scroll labelled HOW YXIQUTIEJI
   440 | D:1      | 440 ||| DROPPING scroll of butterflies.
   441 | D:1      | 441 ||| DROPPING scroll of poison.
   455 | D:2      | Found Deepeom's General Store.
   459 | D:2      | 459 ||| STAIRDANCE
   473 | D:2      | 473 ||| STAIRDANCE
   496 | D:2      | 496 ||| SHOPLISTING +2 ring mail of fire resistance (210
                  | gold, have 50).
   496 | D:2      | 496 ||| SHOPLISTING 3 scrolls of enchant weapon (225 gold,
                  | have 50).
   496 | D:2      | 496 ||| BUYING potion of heal wounds (50 gold).
   496 | D:2      | Bought a potion of heal wounds for 50 gold pieces
   496 | D:2      | 496 ||| SHOPLISTING potion of mutation (80 gold, have 0).
   496 | D:2      | 496 ||| SHOPLISTING scroll of identify (20 gold, have 0).
   518 | D:2      | 518 ||| FLEEEEING.
   520 | D:2      | 520 ||| FLEEEEING.
   521 | D:2      | 521 ||| STAIRDANCE
   528 | D:2      | 528 ||| STAIRDANCE
   548 | D:2      | 548 ||| STAIRDANCE
   553 | D:1      | HP: 4/16 [adder (2)]
   554 | D:1      | 554 ||| DRINKING potion of heal wounds.
   557 | D:1      | Reached XP level 3. HP: 16/20 MP: 5/5
   708 | D:2      | Reached skill level 7 in Ranged Weapons
   709 | D:2      | Found a faded altar of an unknown god.
  1090 | D:2      | Reached XP level 4. HP: 18/25 MP: 6/6
  1220 | D:2      | 1220 ||| DROPPING amulet of magic regeneration.
  1221 | D:2      | 1221 ||| UPGRADING to ring of positive energy.
  1222 | D:2      | 1222 ||| READING 3 scrolls of identify.
  1222 | D:2      | 1222 ||| IDENTIFYING murky cyan potion
  1223 | D:2      | 1223 ||| READING 2 scrolls of identify.
  1223 | D:2      | 1223 ||| IDENTIFYING clear potion
  1224 | D:2      | 1224 ||| READING scroll of identify.
  1224 | D:2      | 1224 ||| IDENTIFYING scroll labelled IBBEPS SOTH
  1225 | D:2      | 1225 ||| READING scroll labelled CUXZOO CEANA.
  1226 | D:2      | 1226 ||| DROPPING scroll of blinking.
  1227 | D:2      | 1227 ||| DROPPING potion of magic.
  1228 | D:2      | 1228 ||| DROPPING potion of degeneration.
  1510 | D:3      | Found Icy Zacs's Book Emporium.
  1579 | D:3      | Reached skill level 8 in Ranged Weapons
  1615 | D:3      | HP: 4/25 [gnoll/+0 club (4)]
  1616 | D:3      | 1616 ||| READING scroll of teleportation.
  1617 | D:3      | 1617 ||| DRINKING potion of heal wounds.
  1688 | D:3      | Reached XP level 5. HP: 29/29 MP: 7/7
  1905 | D:3      | 1905 ||| UPGRADING to amulet of the acrobat.
  1940 | D:4      | 1940 ||| STAIRDANCE
  1945 | D:4      | 1945 ||| STAIRDANCE
  1949 | D:3      | Reached skill level 9 in Ranged Weapons
  1992 | D:4      | Noticed a phantom
  2007 | D:4      | HP: 7/29 [phantom (2)]
  2013 | D:4      | Killed a phantom
  2014 | D:4      | Reached skill level 3 in Dodging
  2014 | D:4      | Reached XP level 6. HP: 7/34 MP: 8/8
  2021 | D:4      | 2021 ||| FLEEEEING.
  2022 | D:4      | 2022 ||| STAIRDANCE
  2156 | D:4      | 2156 ||| FLEEEEING.
  2157 | D:4      | 2157 ||| FLEEEEING.
  2158 | D:4      | 2158 ||| FLEEEEING.
  2166 | D:4      | HP: 7/35 [orc/+0 short sword (2)]
  2369 | D:4      | HP: 5/35 [ogre/+0 giant club (30)]
  2496 | D:4      | Found Bitew's General Store.
  2506 | D:4      | 2506 ||| SHOPLISTING 2 scrolls of brand weapon (228 gold,
                  | have 142).
  2571 | D:4      | Found Toaf's Antique Armour Boutique.
  2580 | D:4      | 2580 ||| BUYING glowing robe (99 gold).
  2580 | D:4      | Bought a glowing robe for 99 gold pieces
  2580 | D:4      | 2580 ||| SHOPLISTING helmet (121 gold, have 43).
  2580 | D:4      | 2580 ||| SHOPLISTING ring mail (108 gold, have 43).
  2580 | D:4      | 2580 ||| SHOPLISTING shiny helmet (202 gold, have 43).
  2731 | D:4      | Reached skill level 10 in Ranged Weapons
  2771 | D:4      | Reached XP level 7. HP: 16/40 MP: 9/9
  2895 | D:4      | Noticed Blork the orc
  2910 | D:4      | Killed Blork the orc
  3006 | D:4      | Found Nirar's Distillery.
  3014 | D:4      | 3014 ||| BUYING potion of curing (42 gold).
  3014 | D:4      | Bought a potion of curing for 42 gold pieces
  3014 | D:4      | 3014 ||| SHOPLISTING potion of curing (42 gold, have 24).
  3014 | D:4      | 3014 ||| SHOPLISTING potion of heal wounds (70 gold, have
                  | 24).
  3014 | D:4      | 3014 ||| SHOPLISTING potion of might (56 gold, have 24).
  3441 | D:4      | 3441 ||| UPGRADING to +1 robe of willpower.
  3451 | D:4      | 3451 ||| DROPPING +0 leather armour.
  3452 | D:4      | 3452 ||| UPGRADING to +0 ring mail.
  3462 | D:4      | 3462 ||| DROPPING +1 robe of willpower.
  3463 | D:4      | 3463 ||| UPGRADING to +0 pair of gloves.
  3468 | D:4      | 3468 ||| DRINKING 2 purple potions.
  3528 | D:5      | Entered Level 5 of the Dungeon
  3596 | D:5      | Reached skill level 1 in Armour
  3620 | D:5      | HP: 10/40 [burnt (2)]
  3624 | D:5      | HP: 4/40 [burnt (1)]
  3626 | D:5      | HP: 1/40 [burnt (1)]
  3627 | D:5      | Incinerated by a bombardier beetle

Levels and vault maps discovered:
D:1:      ldierk_walled_garden_2, layout_basic
D:2:      minmay_spotlight, layout_loops_ring, serial_shops, shop,
          chequers_ecumenical_altar_island, minmay_tromino_mix6
D:3:      layout_loops_ring, serial_shops, nicolae_book_shop_shelving
D:4:      minmay_chambers_of_threes, layout_loops_corners, serial_shops,
          nicolae_shop_advertising_works [nicolae_subvault_shop_adworks],
          kennysheep_little_box, shop, minmay_crystal_room,
          minmay_manual_monstrance, uniq_blork_the_orc
D:5:      layout_cave_pools, serial_shops, shop, nicolae_book_shop_shelving,
          minmay_crystal_water, minmay_misc_feat_doors

Skill      XL: |  1  2  3  4  5  6  7 |
---------------+----------------------+-----
Ranged Weapons | 6 7 8 9 10 | 10.9
Dodging        | 3 4 |  4.7
Fighting       | 2 |  2.0
Armour         | 1 |  1.0
Stealth        | |  1.2

Action                     |  1- 3 |  4- 6 |  7- 9 || total
---------------------------+-------+-------+-------++-------
   Fire: Shortbow          |   110 |   167 |    66 ||   343
    Use: Scroll            |     2 |     5 |       ||     7
         Potion            |     1 |     1 |     1 ||     3
 Armour: Leather armour    |    23 |    44 |     6 ||    73
  Dodge: Dodged            |    27 |    43 |     5 ||    75

Table legend:
 A = Non-vault XP
 B = Vault XP
 C = Vault XP percentage of total XP
 D = Non-vault monster count
 E = Vault monster count
 F = Vault count percentage of total count
                 A         B        C        D         E       F
            +---------+---------+-------+---------+---------+-------
      Total |     635 |     434 |  40.6 |      77 |      26 |  25.2
            +---------+---------+-------+---------+---------+-------
        D:1 |      41 |       0 |   0.0 |      16 |       0 |   0.0
        D:2 |      52 |      17 |  24.6 |      18 |       7 |  28.0
        D:3 |     124 |      53 |  29.9 |      23 |       2 |   8.0
        D:4 |     314 |     364 |  53.7 |      17 |      17 |  50.0
        D:5 |     104 |       0 |   0.0 |       3 |       0 |   0.0
            +---------+---------+-------+---------+---------+-------
